Map: World of Sleepers LE

Players

Dverion

  • Race: Zerg Zerg
  • Spawn Location: 1:00

Ratl - Winner!

  • Race: Protoss Protoss
  • Spawn Location: 7:00

VOD

Have the link to the VOD?

Description

Time

  • Played on: Dec. 18, 2019, 8:53 p.m.
  • Length: 10:47
Show
View Real Time Build Order
Export as new Build Order

Dverion Zerg 

Build Orders: Pool First 

Get SALT Encoding   

  12  0:02  Drone  
  13  0:08  Drone  
  14  0:16  Overlord  
  14  0:25  Overlord  
  14  0:37  Drone  
  14  0:41  Drone  
  16  0:47  Drone  
  17  0:54  Spawning Pool  
  16  0:57  Extractor  
  16  0:58  Drone  
  16  1:02  Extractor  
  15  1:09  Drone  
  16  1:18  Drone  
  17  1:29  Drone  
  18  1:41  Zergling x2  
  18  1:42  Queen  
  21  1:55  Zergling x2  
  22  2:03  Drone  
  23  2:12  Drone  
  24  2:18  Pneumatized Carapace  
  24  2:22  Hatchery  
  23  2:28  Roach Warren  
  23  2:29  Zergling x2  
  23  2:35  Zergling x2  
  24  2:43  Drone  
  25  2:55  Zergling x2  
  25  2:56  Zergling x4  
  28  3:08  Baneling Nest  
  28  3:10  Overlord  
  27  3:34  Queen  
  27  3:36  Drone  
  30  3:49  Overlord x2  
  30  3:50  Overlord  
  30  3:53  Roach x2  
  34  3:57  Drone  
  34  3:58  Drone  
  36  4:08  Queen  
  38  4:10  Queen  
  38  4:16  Drone  
  41  4:19  Drone  
  41  4:20  Drone  
  43  4:31  Roach  
  45  4:34  Drone x2  
  47  4:40  Overlord  
  47  4:55  Lair  
  47  4:58  Roach  
  47  4:59  Roach  
  51  5:25  Roach x4  
  59  5:36  Zergling x6  
  59  5:40  Overlord x3  
  62  5:48  Drone x2  
  64  5:55  Baneling x3  
  64  5:56  Baneling x3  
  64  6:16  Hatchery  
  64  6:17  Roach x4  
  73  6:18  Roach  
  73  6:22  Roach  
  75  6:28  Drone  
  75  6:29  Drone  
  75  6:31  Drone  
  75  6:32  Drone  
  79  6:40  Spore Crawler  
  78  6:48  Spore Crawler  
  77  7:01  Spore Crawler  
  76  7:03  Extractor  
  76  7:06  Extractor  
  76  7:07  Drone x3  
  77  7:19  Roach x4  
  77  7:20  Roach x2  
  89  7:31  Queen  
  89  7:32  Drone  
  46  8:40  Roach  
  46  8:41  Roach x8  
  58  8:55  Spire  
  57  8:57  Hydralisk Den  
  57  9:01  Infestation Pit  
  55  9:06  Queen  
  55  9:09  Drone  
  59  9:10  Drone x3  
  59  9:12  Zergling x4  
  63  9:23  Roach x6  
  53  9:50  Roach x10  
  53  9:51  Roach  
  73  9:54  Roach  
Show
View Real Time Build Order
Export as new Build Order

Ratl Protoss - Winner!

Build Orders: Double Forge 

Get SALT Encoding   

  12  0:03  Probe  
  13  0:15  Pylon  
  13  0:19  Probe (Chrono Boost)  
  14  0:30  Probe (Chrono Boost)  
  15  0:38  Gateway  
  15  0:40  Probe  
  16  0:52  Probe  
  17  1:02  Gateway  
  17  1:09  Assimilator  
  17  1:12  Probe  
  17  1:13  Assimilator  
  18  1:24  Probe  
  19  1:35  Cybernetics Core  
  19  1:43  Probe (Chrono Boost)  
  21  1:55  Probe (Chrono Boost)  
  21  2:00  Probe (Chrono Boost)  
  22  2:18  Pylon  
  22  2:26  Nexus  
  22  2:36  Stalker (Chrono Boost)  
  26  2:38  Robotics Facility  
  26  2:40  Probe  
  26  2:43  Stalker (Chrono Boost)  
  27  2:52  Probe  
  28  3:07  Probe  
  28  3:50  Probe (Chrono Boost)  
  30  3:57  Probe (Chrono Boost)  
  30  4:01  Probe (Chrono Boost)  
  31  4:06  Probe x2 (Chrono Boost)  
  33  4:10  Stalker x2  
  33  4:12  Pylon  
  33  4:13  Warp Gate  
  33  4:16  Probe  
  38  4:22  Robotics Bay  
  38  4:25  Pylon  
  38  4:41  Probe  
  38  4:44  Pylon  
  39  4:52  Pylon  
  39  4:54  Probe  
  39  4:58  Forge  
  39  4:59  Forge  
  40  5:01  Pylon  
  40  5:02  Pylon  
  40  5:06  Probe, Gateway x2  
  41  5:11  Gateway  
  41  5:13  Gateway  
  41  5:19  Shield Battery  
  41  5:20  Shield Battery  
  41  5:21  Gateway  
  41  5:22  Gateway  
  41  5:29  Assimilator  
  41  5:30  Probe  
  41  5:31  Assimilator  
  42  5:42  Probe  
  43  5:46  Stargate  
  43  5:54  Observer  
  44  6:13  Twilight Council  
  44  6:29  Probe  
  45  6:41  Probe, Warp Prism  
  48  6:48  Zealot x2  
  48  6:49  Zealot x3  
  48  6:50  Zealot x3  
  64  7:03  Pylon  
  64  7:17  Immortal  
  68  7:23  Zealot x5  
  68  7:24  Zealot x3  
  83  7:33  Protoss Ground Weapons Level 1  
  83  7:35  Protoss Ground Armor Level 1  
  83  7:38  Charge  
  83  7:42  Gravitic Drive  
  73  7:56  Immortal  
  73  7:57  Stalker x3  
  73  7:58  Stalker  
  60  8:47  Colossus  
  66  8:53  Zealot x2  
  66  8:54  Zealot x5  
  66  8:55  Zealot  
  82  9:22  Zealot x5  
  82  9:23  Zealot x2  
  86  9:41  Colossus  
  90  9:46  Stalker x2  
  94  10:16  Robotics Bay  
  92  10:22  Stalker x2  
Tags
 
Add a new tag
Caveats
  • Supply blocks, unpowered buildings, or Contaminate may cause inaccurate times.
  • Supply counts are checked every 10 seconds.